Map: Ulrena

Players

DIMAGA

  • Race: Zerg Zerg
  • League: Platinum

LiquidSnute (Snute) - Winner!

  • Race: Zerg Zerg
  • League: Grandmaster

Event: NationWars III

VOD

Have the link to the VOD?

Description

Time

  • Played on: Dec. 3, 2015, 12:21 p.m.
  • Length: 10:25
Show
View Real Time Build Order
Export as new Build Order

DIMAGA Zerg 

Build Orders: Pool First, Zergling Baneling 

Get SALT Encoding   

  12  0:00  Drone  
  13  0:09  Drone  
  14  0:15  Extractor  
  13  0:28  Spawning Pool  
  13  0:33  Drone  
  13  0:37  Drone  
  13  0:42  Extractor  
  13  0:44  Drone  
  15  0:53  Overlord  
  15  1:15  Queen  
  15  1:16  Metabolic Boost  
  17  1:20  Zergling x2  
  17  1:24  Zergling x2  
  19  1:29  Zergling x2  
  20  1:35  Zergling x2  
  21  1:42  Baneling Nest  
  20  1:51  Overlord  
  20  1:57  Zergling x2  
  21  2:05  Zergling x2  
  22  2:16  Zergling x2  
  23  2:25  Baneling x2  
  23  2:26  Zergling x2, Baneling x2  
  23  2:27  Zergling x4  
  23  2:29  Zergling x2  
  27  2:36  Baneling  
  27  2:45  Zergling x2  
  27  2:50  Baneling  
  27  2:58  Zergling x2  
  26  3:03  Zergling x2  
  26  3:04  Zergling x4  
  23  3:13  Drone  
  24  3:23  Drone  
  25  3:27  Baneling  
  25  3:31  Drone x3  
  28  3:48  Hatchery  
  26  3:50  Baneling  
  26  3:55  Drone  
  26  3:59  Overlord  
  27  4:11  Drone x2  
  25  4:24  Drone  
  25  4:25  Drone x2  
  28  4:36  Roach Warren  
  27  4:40  Zergling x2  
  27  4:41  Queen  
  30  4:47  Overlord  
  29  5:02  Drone  
  29  5:03  Drone x4  
  29  5:06  Extractor  
  33  5:22  Overlord  
  33  5:24  Drone  
  33  5:25  Drone x2  
  36  5:38  Drone x4  
  40  5:58  Roach x8  
  56  6:05  Roach  
  56  6:10  Overlord  
  58  6:16  Overlord  
  58  6:22  Roach  
  59  6:27  Overlord  
  59  6:28  Drone  
  60  6:38  Hatchery  
  59  6:48  Extractor  
  59  6:50  Drone x6  
  59  6:51  Ravager x4  
  59  6:54  Roach x3  
  74  7:07  Lair  
  74  7:09  Drone x4  
  74  7:10  Evolution Chamber  
  74  7:11  Ravager  
  78  7:19  Roach  
  79  7:30  Overlord x3  
  79  7:38  Zerg Missile Weapons Level 1  
  79  7:43  Roach x2  
  83  7:51  Roach x7  
  93  7:58  Overlord  
  97  8:05  Overseer  
  97  8:06  Glial Reconstitution  
  97  8:12  Roach  
  99  8:18  Roach  
  101  8:21  Roach  
  101  8:23  Roach x2  
  101  8:24  Overlord x2  
  107  8:32  Roach x3  
  113  8:36  Overlord  
  113  8:48  Overlord x2  
  113  8:49  Roach  
  113  8:50  Roach x4  
  123  8:57  Roach x3  
  129  9:04  Roach x2  
  133  9:14  Roach  
  133  9:15  Roach x3  
  141  9:18  Roach  
  141  9:19  Overlord  
  141  9:23  Overlord  
  141  9:24  Roach  
  145  9:32  Roach  
  145  9:33  Roach x2  
  145  9:35  Roach  
  153  9:42  Roach  
  153  9:43  Roach  
  155  9:46  Roach x2  
  155  9:50  Roach  
  128  9:54  Roach x2  
  128  9:57  Roach  
  103  10:05  Roach x2  
Show
View Real Time Build Order
Export as new Build Order

LiquidSnute Zerg - Winner!

Build Orders: Pool First, Zergling Baneling 

Get SALT Encoding   

  12  0:00  Drone  
  13  0:22  Spawning Pool  
  13  0:25  Drone  
  13  0:31  Drone  
  13  0:32  Extractor  
  13  0:36  Drone  
  14  0:44  Overlord  
  14  1:08  Queen  
  14  1:09  Zergling x4  
  18  1:12  Zergling x2  
  19  1:20  Zergling x2  
  20  1:32  Metabolic Boost, Drone  
  21  1:42  Drone  
  22  1:54  Baneling Nest  
  21  1:56  Drone  
  22  2:02  Overlord  
  22  2:20  Queen  
  22  2:22  Zergling x4  
  26  2:29  Zergling x4  
  28  2:37  Baneling x2  
  28  2:38  Baneling x2  
  28  2:43  Overlord  
  28  2:45  Baneling  
  28  2:51  Drone  
  27  3:00  Baneling  
  26  3:07  Drone x2  
  24  3:25  Hatchery  
  23  3:30  Zergling x2  
  23  3:31  Zergling x2  
  25  3:47  Queen  
  26  3:50  Baneling  
  26  3:52  Drone x2  
  26  3:53  Drone  
  29  4:03  Drone x2  
  31  4:15  Drone  
  32  4:22  Baneling x2  
  31  4:27  Drone x3  
  34  4:33  Overlord  
  34  4:39  Drone  
  34  4:43  Drone  
  36  4:48  Drone  
  36  4:50  Extractor  
  36  5:00  Drone x5  
  41  5:10  Drone x2  
  41  5:13  Roach Warren  
  42  5:16  Drone x3  
  42  5:19  Extractor  
  42  5:21  Drone  
  45  5:26  Overlord  
  45  5:27  Overlord x2  
  45  5:53  Roach  
  45  5:54  Roach x9  
  65  5:59  Roach  
  67  6:08  Roach x4  
  75  6:15  Ravager  
  75  6:16  Overlord  
  75  6:17  Overlord  
  76  6:25  Overlord  
  76  6:33  Hatchery  
  76  6:39  Drone x4  
  79  6:42  Ravager  
  79  6:43  Ravager x3  
  79  6:44  Ravager  
  84  6:53  Roach x2  
  88  6:55  Overlord  
  88  7:01  Ravager  
  89  7:08  Lair  
  88  7:24  Overlord  
  88  7:26  Drone x8  
  88  7:28  Ravager x2  
  98  7:31  Drone x3  
  98  7:33  Evolution Chamber  
  98  7:34  Drone  
  101  7:39  Drone x2  
  101  7:43  Overlord x2  
  103  7:48  Overlord  
  103  7:50  Roach  
  105  7:52  Queen  
  105  7:54  Overlord, Extractor  
  106  8:00  Zerg Missile Weapons Level 1  
  106  8:06  Roach x4  
  106  8:07  Roach  
  106  8:09  Glial Reconstitution  
  106  8:11  Extractor  
  115  8:15  Roach  
  117  8:21  Roach  
  117  8:22  Roach x2  
  117  8:26  Roach x2  
  127  8:36  Overlord  
  127  8:37  Overlord x2  
  127  8:38  Roach  
  127  8:39  Roach x3  
  135  8:46  Roach  
  137  8:52  Overlord x3  
  137  9:03  Roach  
  137  9:04  Roach x5, Extractor  
  137  9:06  Ravager  
  137  9:07  Ravager x2  
  151  9:10  Overlord  
  151  9:12  Ravager  
  154  9:17  Roach x2  
  154  9:21  Ravager  
  154  9:22  Roach  
  159  9:31  Roach  
  159  9:32  Roach x4  
  167  9:50  Roach x3  
  167  9:51  Roach x4  
  159  9:55  Roach  
  159  9:56  Roach  
  159  9:59  Roach  
  143  10:00  Roach  
  137  10:09  Ravager x2  
  137  10:10  Ravager  
  138  10:19  Ravager  
Tags
 
Add a new tag
Caveats
  • Supply blocks, unpowered buildings, or Contaminate may cause inaccurate times.
  • Supply counts are checked every 10 seconds.